 Dungeon Crawl Stone Soup version 0.17.1-3-g152610e (webtiles) character file.

832 Gargoyl the Covered (level 7, 0/55 HPs)
             Began as a Demonspawn Abyssal Knight on Apr 7, 2016.
             Was a Priest of Lugonu.
             Succumbed to Edmund's poison
             ... on level 5 of the Dungeon.
             The game lasted 00:09:40 (4058 turns).

Gargoyl the Covered (Demonspawn Abyssal Knight)     Turns: 4058, Time: 00:09:40

Health: 0/55       AC: 17    Str: 14    XL:     7   Next: 65%
Magic:  2/9        EV: 10    Int: 17    God:    Lugonu [***...]
Gold:   307        SH:  0    Dex: 18    Spells: 0 memorised, 6 levels left

rFire  . . .     SeeInvis +     a - +1 hand axe
rCold  . . .     Clarity  .     o - +0 plate armour
rNeg   . . .     SustAt   .     (no shield)
rPois  .         Gourm    .     B - +0 helmet (curse)
rElec  .         Spirit   .     d - +0 cloak
rCorr  .         Warding  .     (no gloves)
rMut   .         Stasis   .     (no boots)
MR     .....                    (no amulet)
Stlth  ..........               C - +4 ring of intelligence
                                t - ring of see invisible

@: agile, lethally poisoned (0 -> -23), not resistant to hostile enchantments,
extremely unstealthy
A: thin metallic scales 1, spiny 1, rot immunity
a: Depart the Abyss, Bend Space, Banish, Renounce Religion


You were on level 5 of the Dungeon.
You worshipped Lugonu.
Lugonu was most pleased with you.
You were hungry.

You visited 1 branch of the dungeon, and saw 5 of its levels.
You visited the Abyss 1 time.

You collected 307 gold pieces.

Inventory:

Hand Weapons
 a - a +1 hand axe (weapon)
 s - a +0 spear
 x - a cursed -2 flail
Missiles
 u - 3 tomahawks (quivered)
Armour
 d - a +0 cloak (worn)
 o - a +0 plate armour (worn)
 B - a cursed +0 helmet (worn)
Jewellery
 t - a ring of see invisible (left hand)
 C - a +4 ring of intelligence (right hand)
Wands
 v - a wand of flame (4)
 w - a wand of draining (0)
Scrolls
 b - a scroll of enchant armour {unknown}
 g - a scroll of blinking {unknown}
 l - 2 scrolls of amnesia {unknown}
 n - 3 scrolls of identify {unknown}
 q - 4 scrolls of remove curse {unknown}
 y - 2 scrolls of noise {unknown}
 A - a scroll of fear {unknown}
 E - 2 scrolls of recharging {unknown}
Potions
 c - a potion of poison
 m - a potion of might
 r - a potion of brilliance {unknown}
 z - a potion of resistance {unknown}
 D - a potion of cancellation {unknown}
 G - a potion of berserk rage {unknown}
 H - a potion of magic {unknown}
Comestibles
 f - 3 meat rations
 h - 3 beef jerkies
 j - a royal jelly
 k - a slice of pizza
 p - 6 bread rations
 F - a chunk of flesh


   Skills:
 + Level 4.6 Fighting
 + Level 3.5 Axes
 * Level 6.1 Armour
 + Level 2.0 Dodging
 + Level 0.8 Stealth
 + Level 2.9 Invocations


You had 6 spell levels left.
You didn't know any spells.

Dungeon Overview and Level Annotations

Branches:
Dungeon (5/15)
 Temple: D:4-7

Altars:
Dithmenos
Gozag
Kikubaaqudgha
Vehumet
Yredelemnul


Innate Abilities, Weirdness & Mutations

You are partially covered in thin metallic scales (AC +2).
You are partially covered in sharp spines.
You are immune to rotting.


Message History

You hit Edmund.
Edmund is almost dead.
You feel sick. Edmund hits you but does no damage.
You are lethally poisoned!
You closely miss Edmund.
Edmund is almost dead.
* * * LOW HITPOINT WARNING * * *
You feel sick. Edmund hits you with a flail of venom.
* * * LOW HITPOINT WARNING * * *
You are more poisoned.
You hit Edmund but do no damage.
Edmund is almost dead.
* * * LOW HITPOINT WARNING * * *
You feel very sick.
You slash Edmund!
You kill Edmund!
Lugonu accepts your kill.
Your Armour skill increases to level 6!
Your Dodging skill increases to level 2!
You die...

## #.....
.............##.## #
..... .............#....
#....
#.........#.....#..##
....
#.........##.......#. ..#
....##....#......... ...#
...#...............
#...###...........###.#.
......##.#........# ####
#....@....##....####.#
..##.#..)...###.#......##
............# #.......###
#..#....##.#(####.....#
#.#......# ..# #.......
#.........###.# #........
...........###. ##....###
.......!....# ###....## #
........#....# #...##


There were no monsters in sight!

Vanquished Creatures
  Sigmund (D:3)
  Eustachio (D:5)
  Edmund (D:5)
  The ghost of Gargoyl the Skirmisher, an amateur DsAK of Lugonu (D:3)
  A giant frog zombie (D:5)
  A centaur zombie (D:5)
  2 crimson imps (D:5)
  A hound (D:4)
  A worker ant (D:5)
  Robin (D:4)
  5 adders
  An ooze (D:1)
  3 worms
  2 giant geckos
  4 orcs (D:5)
  11 bats
  A bat zombie (D:5)
  3 giant cockroaches
  8 hobgoblins
  6 kobolds
  2 quokkas
  3 giant newts
  20 goblins
  10 jackals
  5 rats
  3 rat zombies (D:5)
98 creatures vanquished.

Notes
Turn   | Place    | Note
--------------------------------------------------------------
     0 | Abyss:1  | Gargoyl the Demonspawn Abyssal Knight began the quest for the Orb.
     0 | Abyss:1  | Reached XP level 1. HP: 18/18 MP: 2/2
    15 | Abyss:1  | Found a corrupted altar of Lugonu.
   179 | Abyss:1  | Noticed a smoke demon
   179 | Abyss:1  | Noticed an orange demon
   186 | D:1      | Escaped the Abyss
   310 | D:1      | Reached skill level 1 in Dodging
   312 | D:1      | Reached * piety under Lugonu
   350 | D:1      | Gained mutation: You are immune to rotting. [demonic ancestry]
   350 | D:1      | Reached XP level 2. HP: 16/24 MP: 3/3
  1119 | D:2      | Reached XP level 3. HP: 29/29 MP: 4/4
  1544 | D:2      | Reached ** piety under Lugonu
  2121 | D:3      | Gained mutation: You are partially covered in sharp spines. [demonic ancestry]
  2121 | D:3      | Reached XP level 4. HP: 37/37 MP: 6/6
  2148 | D:3      | Found an opulent altar of Gozag.
  2154 | D:3      | Noticed Sigmund
  2168 | D:3      | Killed Sigmund
  2168 | D:3      | Reached skill level 4 in Fighting
  2168 | D:3      | Gained mutation: You are partially covered in thin metallic scales (AC +2). [demonic ancestry]
  2168 | D:3      | Reached XP level 5. HP: 34/42 MP: 7/7
  2267 | D:3      | Found a basalt altar of Yredelemnul.
  2302 | D:3      | Found a radiant altar of Vehumet.
  2386 | D:3      | Noticed Gargoyl's ghost (amateur DsAK)
  2508 | D:3      | Killed Gargoyl's ghost
  2508 | D:3      | Reached XP level 6. HP: 32/48 MP: 8/8
  2925 | D:4      | Found a shadowy altar of Dithmenos.
  3212 | D:4      | Noticed Robin
  3221 | D:4      | Killed Robin
  3234 | D:4      | Reached *** piety under Lugonu
  3450 | D:5      | Entered Level 5 of the Dungeon
  3619 | D:5      | Noticed Eustachio
  3658 | D:5      | Reached skill level 5 in Armour
  3659 | D:5      | Killed Eustachio
  3659 | D:5      | Reached XP level 7. HP: 43/55 MP: 9/9
  3847 | D:5      | Found an ancient bone altar of Kikubaaqudgha.
  4026 | D:5      | Noticed Edmund
  4057 | D:5      | HP: 2/55 [poisoned by Edmund]
  4058 | D:5      | Killed Edmund
  4058 | D:5      | Reached skill level 6 in Armour
  4058 | D:5      | Succumbed to Edmund's poison

Action                   |  1- 3 |  4- 6 |  7- 9 || total
-------------------------+-------+-------+-------++-------
Melee: Hand axe          |   186 |    85 |    43 ||   314
Throw: Tomahawk          |       |     1 |       ||     1
Invok: Depart the Abyss  |     1 |       |       ||     1
       Banish            |       |       |     2 ||     2
       Bend Space        |       |       |     1 ||     1
Evoke: Wand              |       |       |     1 ||     1
  Use: Potion            |       |       |     5 ||     5
  Eat: Bread ration      |     1 |       |       ||     1
       Chunk             |       |     5 |     1 ||     6
